 Dungeon Crawl Stone Soup version 0.31-a0-180-g519b7de00c (webtiles) character file.

Game seed: 11122283594707995202

7 Maxmaps the Vexing (level 1, 0/15 HPs)
             Began as a Demonspawn Hexslinger on June 19, 2023.
             Slain by a jackal (2 damage)
             ... on level 1 of the Dungeon.
             The game lasted 00:00:16 (56 turns).

Maxmaps the Vexing (Demonspawn Hexslinger)            Turns: 56, Time: 00:00:17

Health: 0/15       AC:  2    Str:  8    XL:     1   Next: 83%
Magic:  2/2        EV: 12    Int: 14    God:
Gold:   0          SH:  0    Dex: 15    Spells: 1/2 levels left

rFire   . . .        d - +0 sling (heavy)
rCold   . . .        (no shield)
rNeg    . . .        c - +0 robe
rPois   .            (no helmet)
rElec   .            (no cloak)
rCorr   .            (no gloves)
SInv    .            (no boots)
Will    .....        (no amulet)
Stlth   +            (no ring)
HPRegen 0.22/turn    (no ring)
MPRegen 0.08/turn

%: no passive effects
@: no status effects
A: no striking features
a: no special abilities


You were on level 1 of the Dungeon.
You visited 1 branch of the dungeon, and saw 1 of its levels.

Inventory:

Hand Weapons
 a - a +1 sling
 d - a +0 heavy sling (weapon)
Armour
 c - a +0 robe (worn)
Scrolls
 b - a scroll of poison


   Skills:
 - Level 1.0 Fighting
 + Level 2.4 Ranged Weapons
 - Level 1.7 Dodging
 - Level 1.0 Spellcasting
 - Level 3.0 Hexes


You had one spell level left.
You knew the following spells:

 Your Spells              Type           Power      Damage    Failure   Level
a - Slow                  Hex            36%        N/A       8%          1

Your spell library contained the following spells:

 Spells                   Type           Power      Damage    Failure   Level
 Inner Flame              Hex/Fire       4%         N/A       38%         3
 Portal Projectile        Hex/Tloc       8%         N/A       38%         3
 Cause Fear               Hex            4%         N/A       58%         4


Dungeon Overview and Level Annotations

Branches:
Dungeon (1/15)

Altars:


Message History

You shoot a sling bullet. The sling bullet hits the hobgoblin.
The hobgoblin is moderately wounded.
The jackal barely misses you. The hobgoblin barely misses you.
The jackal bites you.
* * * LOW HITPOINT WARNING * * *
The hobgoblin barely misses you.
A goblin comes into view. It is wielding a +0 club.
The jackal closely misses you.
Fire: d) +0 sling (heavy)
Press: ? - help, Shift-Dir - straight line, f/p - hobgoblin
Aim: a hobgoblin (moderately wounded, 56% to hit)
You shoot a sling bullet. The goblin shouts!
The sling bullet hits the hobgoblin.
You kill the hobgoblin!
The jackal bites you.
* * * LOW HITPOINT WARNING * * *
The jackal completely misses you.
Fire: d) +0 sling (heavy)
Press: ? - help, Shift-Dir - straight line, f - jackal
Aim: a jackal (47% to hit)
You shoot a sling bullet. The sling bullet hits the jackal.
The jackal is heavily wounded.
The jackal barely misses you. The jackal bites you.
* * * LOW HITPOINT WARNING * * *
The jackal closely misses you.
Fire: d) +0 sling (heavy)
Press: ? - help, Shift-Dir - straight line, f/p - jackal
Aim: a jackal (heavily wounded, 47% to hit)
You shoot a sling bullet. The sling bullet misses the jackal.
The jackal bites you but does no damage.
The jackal barely misses you.
Unknown command.
Fire: d) +0 sling (heavy)
Press: ? - help, Shift-Dir - straight line, f/p - jackal
Aim: a jackal (heavily wounded, 47% to hit)
You shoot a sling bullet. The sling bullet misses the jackal.
The jackal barely misses you. x2; The goblin hits you but does no damage.
The jackal bites you.
You die...

......).. # ##.......# ≈
#........# ≈
..#.#..†.#####. ≈
##............. ≈
.....†....!...# .
.......gh..# ≈ #..@# ≈
#.[.# ≈ #####...# ≈
........######### #
####............########
############.........
##########


You could see a jackal and a goblin.

Vanquished Creatures
  A giant cockroach (D:1)
  A goblin (D:1)
  A hobgoblin (D:1)
  2 jackals (D:1)
5 creatures vanquished.

Notes
Turn   | Place    | Note
-------+----------+-------------------------------------------
     0 | D:1      | Maxmaps the Demonspawn Hexslinger began the quest for the
                  | Orb.
     0 | D:1      | Reached XP level 1. HP: 15/15 MP: 2/2
    56 | D:1      | Slain by a jackal

Illustrated notes

Levels and vault maps discovered:
D:1:      dpeg_arrival_shrine, layout_rooms

Skill      XL: |  1 |
---------------+----+-----
Ranged Weapons | 2 |  2.4
Fighting       | |  1.0
Dodging        | |  1.7
Spellcasting   | |  1.0
Hexes          | |  3.0

Action                     || total
---------------------------++-------
   Fire: Sling             ||    13
 Armour: Robe              ||     4
  Dodge: Dodged            ||    18

Table legend: (Time is in decaauts)
 A = Elapsed time spent in this place.
 B = Non-inter-level travel time spent in this place.
 C = Inter-level travel time spent in this place.
 D = Time resting spent in this place.
 E = Time spent auto-exploring this place.
 F = Levels seen in this place.
 G = Mean time per level.
                   A        B        C        D        E       F      G
               +--------+--------+--------+--------+--------+-----+--------+
         Total |     67 |     67 |      0 |      0 |     34 |   1 |   67.0 |
       Dungeon |     67 |     67 |      0 |      0 |     34 |   1 |   67.0 |
               +--------+--------+--------+--------+--------+-----+--------+

Top non-repeatable levels by time:
     D:1: 67 daAuts
